 Dungeon Crawl Stone Soup version 0.30.1-11-g7821555f0a (webtiles) character file.

Game seed: 7363294883057173885

2135 jagang the Fighter (level 9, -1/72 (76) HPs)
             Began as a Barachi Monk on Nov 13, 2023.
             Was a Believer of Okawaru.
             Slain by a wight
             ... wielding a +5 spear
              (2 damage)
             ... on level 7 of the Dungeon.
             The game lasted 00:16:14 (6476 turns).

jagang the Fighter (Barachi Monk)                   Turns: 6476, Time: 00:16:15

HP:   -1/72 (76)    AC: 15    Str: 12    XL:     9   Next: 30%
MP:   9/9           EV:  4    Int: 12    God:    Okawaru [**....]
Gold: 392           SH:  0    Dex: 18    Spells: 8/8 levels left

rFire   + . .        v - +0 long sword (venom)
rCold   . . .        d - orb {light}
rNeg    . . .        D - +0 plate armour
rPois   +            (no helmet)
rElec   .            z - +0 cloak
rCorr   .            (no gloves)
SInv    .            e - +0 pair of boots
Will    .....        (no amulet) Stlth
                     f - ring of poison resistance
HPRegen 0.32/turn    C - ring of protection from fire
MPRegen 0.11/turn

%: no passive effects
@: glowing, drained, slow
A: amphibious, slowness 1, strong legs 1, +LOS
a: Hop, Renounce Religion, Heroism


You were on level 7 of the Dungeon.
You worshipped Okawaru.
Okawaru was pleased with you.
You visited 2 branches of the dungeon, and saw 8 of its levels.

You collected 392 gold pieces.

Inventory:

Hand Weapons
 r - the +10 quarterstaff of Pidepuh {freeze, *Rage rElec Str+6 Dex+2}
   (You found it on level 2 of the Dungeon)

   Str:       It affects your strength (+6).
   Dex:       It affects your dexterity (+2).
   rElec:     It insulates you from electricity.
   *Rage:     It berserks you when you make melee attacks (+20% chance).
 v - a +0 long sword of venom (weapon)
Missiles
 h - 26 poisoned darts
 p - a curare-tipped dart
 x - a silver boomerang
 B - a boomerang (quivered)
Armour
 d - an orb of light (worn)
 e - a +0 pair of boots (worn)
 z - a +0 cloak (worn)
 D - a +0 plate armour (worn)
Jewellery
 f - a ring of poison resistance (left hand)
 C - a ring of protection from fire (right hand)
Wands
 s - a wand of mindburst (11)
 E - a wand of roots (2)
Scrolls
 g - 3 scrolls of poison {unknown}
 i - 3 scrolls of brand weapon
 j - 2 scrolls of fog {unknown}
 l - a scroll of blinking {unknown}
 n - a scroll of acquirement {unknown}
 o - a scroll of amnesia {unknown}
 t - 2 scrolls of teleportation {unknown}
 w - 2 scrolls of identify {unknown}
 y - a scroll of enchant armour {unknown}
 A - a scroll of magic mapping {unknown}
Potions
 a - a potion of haste {unknown}
 b - a potion of flight {unknown}
 c - 2 potions of ambrosia
 k - 2 potions of curing {unknown}
 m - 4 potions of heal wounds {unknown}
 q - a potion of might {unknown}
 u - 2 potions of attraction {unknown}


   Skills:
 * Level 9.1 Fighting
 * Level 9.1 Long Blades
 + Level 4.5 Throwing
 + Level 5.7 Armour
 - Level 3.2 Dodging


You had 8 spell levels left.
You didn't know any spells.
Your spell library contained the following spells:

 Spells                   Type           Power      Damage    Failure   Level
 Beastly Appendage        Tmut           0%         N/A       100%        1
 Wereblood                Tmut           0%         N/A       100%        2
 Ignite Poison            Fire/Tmut/Pois 0%         N/A       100%        3
 Ozocubu's Armour         Ice            0%         N/A       100%        3
 Spider Form              Tmut/Pois      0%         N/A       100%        3
 Sticky Flame             Conj/Fire      0%         2d3       100%        4
 Metabolic Englaciation   Hex/Ice        0%         N/A       100%        5
 Ignition                 Fire           0%         3d3       100%        8
 Simulacrum               Ice/Necr       Unusable   N/A       N/A         6

Dungeon Overview and Level Annotations

Branches:
Dungeon (7/15)             Temple (1/1) D:6

Altars:
Ashenzari
Cheibriados
Dithmenos
Elyvilon
Fedhas
Gozag
Hepliaklqana
Kikubaaqudgha
Makhleb
Nemelex Xobeh
Okawaru
Qazlal
Ru
Sif Muna
Trog
Uskayaw
Vehumet
Wu Jian
Xom
Yredelemnul
Zin
The Shining One


Innate Abilities, Weirdness & Mutations

You are amphibious.
You cover ground slowly.
You can hop short distances.
You have an extended range of vision and can be seen from far away.


Message History

You kill the kobold!
The wight hits you but does no damage.
The wight hits you from afar with a +5 spear!
You hit the kobold brigand.
The kobold brigand is poisoned.
The kobold brigand is lightly wounded.
The wight hits you with a +0 battleaxe.
You feel drained. The wight hits you but does no damage.
The kobold brigand hits you but does no damage.
You slash the kobold brigand!
The kobold brigand looks as sick as possible!
The kobold brigand is heavily wounded.
The wight hits you but does no damage.
The wight hits you from afar with a +5 spear.
You feel drained.
The kobold brigand hits you with a +0 whip.
You slash the wight!
You destroy the wight!
Okawaru accepts your kill.
The wight hits you from afar with a +5 spear.
You feel drained.
The kobold brigand throws a poisoned dart.
The poisoned dart hits you! The wight hits you but does no damage.
The kobold brigand barely misses you.
You slash the kobold brigand!
You kill the kobold brigand!
Okawaru accepts your kill.
The wight hits you with a +2 great sword of freezing!
* * * LOW HITPOINT WARNING * * *
The wight freezes you.
* * * LOW HITPOINT WARNING * * *
The wight hits you but does no damage.
You hit the wight but do no damage.
The wight hits you with a +2 great sword of freezing!
* * * LOW HITPOINT WARNING * * *
You feel drained.
* * * LOW HITPOINT WARNING * * *
The wight freezes you.
* * * LOW HITPOINT WARNING * * *
The wight hits you from afar with a +5 spear.
You die...

.......###
..##....## #.
........ ....#.###
#. .....#. .......#
#. ...).#
#.##.#.###. ....#
#.......#.. ...##
#.......... #z).#
#......##.. #z#)#
#......#..#
#.@.#####......#..#
#......##..[......#
#...........###.#.#
###.............#..
#............)...
#...........#...#
#...........#...#
##.........###..#
##...#....###...


You could see 2 wights.

Vanquished Creatures
  A water moccasin (D:7)
  Pargi (D:4)
  2 black bears
  An ice beast (D:6)
  2 ogres
  A centaur (D:7)
  3 kobold brigands
  2 bullfrogs
  A scorpion (D:6)
  A wight (D:7)
  A howler monkey (D:5)
  4 orc priests (D:4)
  6 hounds
  2 jellies
  A gnoll bouda (D:6)
  Ijyb (D:3)
  4 iguanas
  4 orc wizards
  7 gnolls
  4 adders
  A shadow imp (D:5)
  3 white imps
  An ufetubus (D:5)
  3 worms
  2 dart slugs
  28 orcs
  8 ball pythons
  7 endoplasms
  4 giant cockroaches
  10 goblins
  10 hobgoblins
  2 jackals (D:3)
  16 kobolds
  6 quokkas
  7 bats
  5 frilled lizards
  3 rats
165 creatures vanquished.

Notes
Turn   | Place    | Note
-------+----------+-------------------------------------------
     0 | D:1      | jagang the Barachi Monk began the quest for the Orb.
     0 | D:1      | Reached XP level 1. HP: 18/18 MP: 1/1
   106 | D:1      | Reached XP level 2. HP: 19/25 MP: 2/2
   236 | D:1      | Reached skill level 1 in Armour
   310 | D:1      | Reached XP level 3. HP: 30/30 MP: 3/3
  1168 | D:2      | Identified the +10 quarterstaff of Pidepuh {freeze, *Rage
                  | rElec Str+6 Dex+2}
  1236 | D:2      | Found a faded altar of an unknown god.
  1508 | D:2      | Reached skill level 1 in Throwing
  1508 | D:2      | Reached XP level 4. HP: 38/38 MP: 4/4
  1646 | D:3      | Noticed Ijyb
  1656 | D:3      | Killed Ijyb
  2032 | D:3      | Reached XP level 5. HP: 43/43 MP: 5/5
  2033 | D:3      | Reached skill level 5 in Fighting
  2650 | D:4      | Reached skill level 5 in Long Blades
  2665 | D:4      | Reached XP level 6. HP: 37/51 MP: 6/6
  3014 | D:4      | Reached XP level 7. HP: 57/58 MP: 7/7
  3048 | D:4      | Found an opulent altar of Gozag.
  3567 | D:4      | Noticed Pargi
  3574 | D:4      | Killed Pargi
  3756 | D:5      | Entered Level 5 of the Dungeon
  4270 | D:5      | Reached XP level 8. HP: 67/67 MP: 8/8
  5183 | D:6      | Found a staircase to the Ecumenical Temple.
  5214 | Temple   | Entered the Ecumenical Temple
  5437 | Temple   | Became a worshipper of Warmaster Okawaru
  5437 | Temple   | Reached * piety under Okawaru
  5437 | Temple   | Reached ** piety under Okawaru
  5645 | D:6      | Reached skill level 5 in Armour
  5800 | D:6      | Reached XP level 9. HP: 14/75 MP: 6/9
  6476 | D:7      | HP: 1/72 [wight/+2 great sword of freezing (3)]
  6476 | D:7      | Slain by a wight

Illustrated notes

Levels and vault maps discovered:
D:1:      spicycebolla_arrival_xxxplode, layout_basic, serial_park_tiny_1
D:2:      layout_basic, basic_ecumenical_altar, st_stairs_10
D:3:      layout_loops_corners, serial_bayou, serial_bayou_lagoon_b,
          serial_bayou_shore_b, serial_bayou_ford_a, serial_bayou_lagoon_a,
          grunt_ministairs_11, uniq_ijyb
D:4:      minmay_evil_eye, layout_loops_ring, nicolae_gozag_seed_capital,
          uniq_pargi
D:5:      layout_basic, serial_aquarium, aquarium_bridge_island_small
          [aquarium_subvault_small_open, aquarium_subvault_balcony,
          aquarium_subvault_bridge, aquarium_subvault_balcony,
          aquarium_subvault_window], aquarium_bridge_long_separate
          [aquarium_subvault_bridge, aquarium_subvault_bridge,
          aquarium_subvault_wall, aquarium_subvault_bridge,
          aquarium_subvault_window, aquarium_subvault_bridge],
          aquarium_window_1, aquarium_window_fake, aquarium_view_2d
D:6:      layout_basic, temple_statues, grunt_decor_arrowhead
D:7:      layout_rooms, corexii_hall_statues_x
Temple:   mainiacjoe_temple_starburst

Skill      XL: |  1  2  3  4  5  6  7  8  9 |
---------------+----------------------------+-----
Fighting       | 4 5 6 7 8 9 |  9.1
Long Blades    | 4 5 6 7 8 9 |  9.1
Armour         | 1 2 3 4 5 |  5.7
Throwing       | 1 2 3 4 |  4.5
Dodging        | |  3.2

Action                     |  1- 3 |  4- 6 |  7- 9 || total
---------------------------+-------+-------+-------++-------
  Melee: Falchion          |   116 |       |       ||   116
         Quarterstaff      |       |    72 |       ||    72
         Long sword        |       |    21 |   245 ||   266
  Throw: Boomerang         |       |       |     9 ||     9
         Dart              |       |       |     5 ||     5
 Invoke: Heroism           |       |       |     1 ||     1
Ability: Hop               |       |       |     2 ||     2
  Evoke: Wand              |       |       |     2 ||     2
    Use: Scroll            |       |       |     2 ||     2
 Armour: Leather armour    |    17 |       |       ||    17
         Chain mail        |    46 |    68 |   146 ||   260
         Plate armour      |       |       |    35 ||    35
  Dodge: Dodged            |    68 |    45 |    69 ||   182
